3171 views
Uploaded 2020-04-17 17:55:05
Game version 1.32.3
28:57 long 3on3 ladder game on (6)TimbermawHold
Saved by BEARAND
3171 views
Uploaded 2020-04-17 17:55:05
Game version 1.32.3
28:57 long 3on3 ladder game on (6)TimbermawHold


115 units @ 12.1k
/ 1.5k
273 buildings @ 16.8k
/ 9.1k
⇛
TIMG4STRok
(28:47) : 

| Orb of Lightning | 2 | 750 |
| Healing Salve | 1 | 100 |
| Lesser Clarity Potion | 1 | 70 |
| Potion of Mana | 1 | 200 |
| Circlet of Nobility | 2 | 350 |
| Staff of Teleportation | 2 | 300 |
| Boots of Speed | 2 | 500 |
| Staff of Sanctuary | 2 | 500 |
| total: | 13 | 2770g |
| Peon | 11 | 825 | / | 0 |
| Troll Batrider | 23 | 3680 | / | 920 |
| total: | 34 | 4505g | / | 920w |
| Watch Tower | 16 | 1760 | / | 1280 |
| Altar of Storms | 1 | 180 | / | 50 |
| Orc Burrow | 4 | 640 | / | 160 |
| Voodoo Lounge | 2 | 260 | / | 60 |
| War Mill | 1 | 205 | / | 0 |
| Beastiary | 2 | 290 | / | 280 |
| Stronghold | 1 | 315 | / | 190 |
| Fortress | 1 | 325 | / | 190 |
| total: | 26 | 3335g | / | 1830w |
| 0:03 | Peon |
| 0:03 | Peon |
| 0:03 | Peon |
| 0:05 | Altar of Storms |
| 0:11 | Orc Burrow |
| 0:22 | Peon |
| 0:37 | Peon |
| 0:54 | Peon |
| 0:54 | Peon |
| 1:11 | Voodoo Lounge |
| 1:17 | Voodoo Lounge |
| 1:24 | Peon |
| 1:32 | Peon |
| 1:52 | Peon |
| 2:04 | Wind Walk |
| 2:08 | Peon |
| 2:40 | Stronghold |
| 3:29 | Orc Burrow |
| 3:31 | War Mill |
| 3:35 | Circlet of Nobility |
| 3:41 | Staff of Teleportation |
| 3:41 | Boots of Speed |
| 4:46 | Critical Strike |
| 5:01 | Fortress |
| 5:15 | Beastiary |
| 5:42 | Beastiary |
| 5:51 | Orc Burrow |
| 6:05 | Hex |
| 6:19 | Troll Batrider |
| 6:19 | Troll Batrider |
| 7:20 | Troll Batrider |
| 7:44 | Orb of Lightning |
| 8:02 | Troll Batrider |
| 8:29 | Circlet of Nobility |
| 8:52 | Wind Walk |
| 8:55 | Boots of Speed |
| 9:02 | Troll Batrider |
| 10:10 | Orc Burrow |
| 10:12 | Reinforced Defenses |
| 10:30 | Healing Wave |
| 11:04 | Watch Tower |
| 11:07 | Watch Tower |
| 11:08 | Watch Tower |
| 12:00 | Troll Batrider |
| 12:00 | Liquid Fire |
| 12:02 | Steel Ranged Weapons |
| 12:02 | Steel Armor |
| 12:03 | Spiked Barricades |
| 12:47 | Watch Tower |
| 12:48 | Watch Tower |
| 12:56 | Troll Batrider |
| 12:57 | Troll Batrider |
| 13:03 | Staff of Teleportation |
| 15:04 | Watch Tower |
| 15:04 | Watch Tower |
| 15:11 | Healing Salve |
| 15:11 | Lesser Clarity Potion |
| 15:11 | Orb of Lightning |
| 16:41 | Potion of Mana |
| 17:01 | Troll Batrider |
| 17:05 | Watch Tower |
| 17:06 | Watch Tower |
| 18:32 | Healing Wave |
| 18:50 | Critical Strike |
| 18:54 | Watch Tower |
| 18:56 | Watch Tower |
| 19:05 | Staff of Sanctuary |
| 20:08 | Watch Tower |
| 20:10 | Watch Tower |
| 20:23 | Troll Batrider |
| 20:23 | Troll Batrider |
| 20:24 | Troll Batrider |
| 21:12 | Troll Batrider |
| 21:12 | Troll Batrider |
| 21:12 | Troll Batrider |
| 21:31 | Watch Tower |
| 21:48 | Watch Tower |
| 22:20 | Troll Batrider |
| 22:22 | Troll Batrider |
| 22:35 | Watch Tower |
| 24:12 | Troll Batrider |
| 24:12 | Troll Batrider |
| 24:12 | Troll Batrider |
| 24:12 | Troll Batrider |
| 25:16 | Hex |
| 25:34 | Troll Batrider |
| 25:34 | Troll Batrider |
| 26:20 | Thorium Ranged Weapons |
| 26:21 | Thorium Armor |
| 26:23 | Wind Walk |
| 28:03 | Staff of Sanctuary |
| Right click | 2335 |
| Select group | 1370 |
| Select | 254 |
| Build/train/purchase | 110 |
| Use ability | 80 |
| Resource trade | 60 |
| Chat | 58 |
| Minimap ping | 44 |
| Assign group | 25 |
| Misc. action | 18 |
| Item give/drop | 6 |
| Esc | 1 |



| Staff of Sanctuary | 3 | 750 |
| Lesser Clarity Potion | 1 | 70 |
| Potion of Mana | 4 | 800 |
| Staff of Teleportation | 3 | 450 |
| Boots of Speed | 3 | 750 |
| Periapt of Vitality | 1 | 325 |
| Orb of Lightning | 2 | 750 |
| Healing Salve | 1 | 100 |
| total: | 18 | 3995g |
| Peasant | 18 | 1350 | / | 0 |
| Dragonhawk Rider | 9 | 1800 | / | 270 |
| Priest | 1 | 135 | / | 10 |
| total: | 28 | 3285g | / | 280w |
| Scout Tower | 208 | 6240 | / | 4160 |
| Arcane Tower | 4 | 280 | / | 200 |
| Guard Tower | 77 | 5390 | / | 3850 |
| Altar of Kings | 1 | 180 | / | 50 |
| Farm | 8 | 640 | / | 160 |
| Lumber Mill | 2 | 240 | / | 0 |
| Town Hall | 1 | 385 | / | 205 |
| Arcane Vault | 2 | 260 | / | 60 |
| Barracks | 1 | 160 | / | 60 |
| Blacksmith | 1 | 140 | / | 60 |
| Gryphon Aviary | 1 | 140 | / | 150 |
| Arcane Sanctum | 1 | 150 | / | 140 |
| Keep | 1 | 320 | / | 210 |
| Castle | 1 | 360 | / | 210 |
| total: | 226 | 8535g | / | 5045w |
| 0:01 | Peasant |
| 0:01 | Peasant |
| 0:09 | Altar of Kings |
| 0:18 | Farm |
| 0:31 | Peasant |
| 0:34 | Lumber Mill |
| 0:42 | Peasant |
| 0:42 | Peasant |
| 0:58 | Peasant |
| 1:05 | Scout Tower |
| 1:10 | Peasant |
| 1:27 | Scout Tower |
| 1:32 | Scout Tower |
| 1:34 | Scout Tower |
| 1:35 | Arcane Tower |
| 1:37 | Peasant |
| 1:37 | Peasant |
| 1:37 | Peasant |
| 1:40 | Farm |
| 1:58 | Arcane Tower |
| 1:59 | Guard Tower |
| 2:00 | Scout Tower |
| 2:12 | Blizzard |
| 2:20 | Scout Tower |
| 2:39 | Guard Tower |
| 2:40 | Scout Tower |
| 2:41 | Scout Tower |
| 2:53 | Guard Tower |
| 2:53 | Guard Tower |
| 2:56 | Scout Tower |
| 2:56 | Scout Tower |
| 3:02 | Peasant |
| 3:02 | Peasant |
| 3:02 | Peasant |
| 3:02 | Peasant |
| 3:03 | Peasant |
| 3:35 | Improved Masonry |
| 3:58 | Brilliance Aura |
| 4:15 | Town Hall |
| 4:20 | Guard Tower |
| 4:23 | Scout Tower |
| 4:24 | Scout Tower |
| 4:25 | Scout Tower |
| 4:25 | Scout Tower |
| 4:34 | Scout Tower |
| 4:34 | Scout Tower |
| 4:39 | Scout Tower |
| 4:39 | Scout Tower |
| 4:40 | Scout Tower |
| 4:41 | Scout Tower |
| 4:42 | Keep |
| 4:58 | Guard Tower |
| 5:03 | Guard Tower |
| 5:03 | Guard Tower |
| 5:05 | Scout Tower |
| 5:07 | Scout Tower |
| 5:28 | Guard Tower |
| 5:28 | Guard Tower |
| 5:32 | Farm |
| 5:33 | Farm |
| 5:34 | Farm |
| 6:01 | Guard Tower |
| 6:03 | Scout Tower |
| 6:03 | Scout Tower |
| 6:05 | Guard Tower |
| 6:05 | Guard Tower |
| 6:07 | Scout Tower |
| 6:08 | Scout Tower |
| 6:10 | Scout Tower |
| 6:11 | Scout Tower |
| 6:11 | Scout Tower |
| 6:12 | Scout Tower |
| 6:18 | Guard Tower |
| 6:18 | Guard Tower |
| 6:19 | Guard Tower |
| 6:56 | Peasant |
| 6:56 | Peasant |
| 7:13 | Guard Tower |
| 7:15 | Scout Tower |
| 7:15 | Scout Tower |
| 7:24 | Guard Tower |
| 7:24 | Guard Tower |
| 7:43 | Guard Tower |
| 7:45 | Castle |
| 7:53 | Staff of Teleportation |
| 7:53 | Boots of Speed |
| 8:00 | Gryphon Aviary |
| 8:11 | Blizzard |
| 8:13 | Storm Bolt |
| 8:25 | Guard Tower |
| 8:26 | Scout Tower |
| 8:26 | Scout Tower |
| 8:39 | Boots of Speed |
| 8:43 | Periapt of Vitality |
| 8:53 | Peasant |
| 8:55 | Scout Tower |
| 8:56 | Scout Tower |
| 8:56 | Scout Tower |
| 8:57 | Scout Tower |
| 8:57 | Scout Tower |
| 9:27 | Guard Tower |
| 9:27 | Guard Tower |
| 9:53 | Arcane Tower |
| 9:53 | Guard Tower |
| 10:02 | Scout Tower |
| 10:02 | Scout Tower |
| 10:03 | Scout Tower |
| 10:04 | Scout Tower |
| 10:05 | Scout Tower |
| 10:05 | Scout Tower |
| 10:05 | Scout Tower |
| 10:06 | Scout Tower |
| 10:06 | Scout Tower |
| 10:07 | Scout Tower |
| 10:07 | Scout Tower |
| 10:07 | Scout Tower |
| 10:07 | Scout Tower |
| 10:08 | Scout Tower |
| 10:08 | Scout Tower |
| 10:23 | Scout Tower |
| 10:30 | Arcane Vault |
| 10:32 | Arcane Vault |
| 10:33 | Guard Tower |
| 10:41 | Guard Tower |
| 10:59 | Guard Tower |
| 11:00 | Scout Tower |
| 11:00 | Scout Tower |
| 11:02 | Advanced Masonry |
| 11:04 | Arcane Sanctum |
| 11:06 | Farm |
| 11:12 | Guard Tower |
| 11:16 | Guard Tower |
| 11:18 | Scout Tower |
| 11:18 | Scout Tower |
| 11:23 | Holy Light |
| 11:27 | Guard Tower |
| 11:37 | Staff of Sanctuary |
| 11:47 | Orb of Lightning |
| 12:00 | Guard Tower |
| 12:02 | Scout Tower |
| 12:03 | Scout Tower |
| 12:03 | Scout Tower |
| 12:03 | Scout Tower |
| 12:09 | Guard Tower |
| 12:10 | Guard Tower |
| 12:16 | Guard Tower |
| 12:18 | Scout Tower |
| 12:18 | Scout Tower |
| 12:18 | Scout Tower |
| 12:19 | Scout Tower |
| 12:19 | Scout Tower |
| 12:19 | Scout Tower |
| 12:21 | Dragonhawk Rider |
| 12:31 | Scout Tower |
| 12:32 | Scout Tower |
| 12:32 | Scout Tower |
| 12:33 | Scout Tower |
| 12:33 | Scout Tower |
| 12:33 | Scout Tower |
| 12:36 | Boots of Speed |
| 12:36 | Staff of Teleportation |
| 12:47 | Staff of Sanctuary |
| 12:51 | Orb of Lightning |
| 12:57 | Guard Tower |
| 13:02 | Guard Tower |
| 13:02 | Guard Tower |
| 13:04 | Scout Tower |
| 13:04 | Scout Tower |
| 13:05 | Scout Tower |
| 13:06 | Scout Tower |
| 13:06 | Scout Tower |
| 13:08 | Scout Tower |
| 13:08 | Scout Tower |
| 13:08 | Scout Tower |
| 13:29 | Scout Tower |
| 13:29 | Scout Tower |
| 13:30 | Scout Tower |
| 13:30 | Scout Tower |
| 13:35 | Scout Tower |
| 13:36 | Scout Tower |
| 13:36 | Scout Tower |
| 13:36 | Scout Tower |
| 13:37 | Scout Tower |
| 13:37 | Scout Tower |
| 13:37 | Scout Tower |
| 13:37 | Scout Tower |
| 13:49 | Guard Tower |
| 14:06 | Guard Tower |
| 14:34 | Bash |
| 15:01 | Guard Tower |
| 15:15 | Healing Salve |
| 15:16 | Lesser Clarity Potion |
| 15:18 | Guard Tower |
| 15:20 | Scout Tower |
| 15:21 | Scout Tower |
| 15:21 | Scout Tower |
| 15:21 | Scout Tower |
| 15:22 | Scout Tower |
| 15:52 | Guard Tower |
| 15:54 | Scout Tower |
| 15:54 | Scout Tower |
| 15:55 | Scout Tower |
| 15:55 | Scout Tower |
| 15:55 | Scout Tower |
| 15:55 | Scout Tower |
| 15:55 | Scout Tower |
| 15:55 | Scout Tower |
| 15:55 | Scout Tower |
| 15:56 | Scout Tower |
| 15:56 | Scout Tower |
| 15:56 | Scout Tower |
| 16:29 | Guard Tower |
| 16:30 | Magic Sentry |
| 16:30 | Priest |
| 16:31 | Dragonhawk Rider |
| 16:32 | Dragonhawk Rider |
| 16:37 | Guard Tower |
| 17:07 | Staff of Sanctuary |
| 17:11 | Guard Tower |
| 17:19 | Guard Tower |
| 17:20 | Guard Tower |
| 17:21 | Scout Tower |
| 17:21 | Scout Tower |
| 17:21 | Scout Tower |
| 17:21 | Scout Tower |
| 17:22 | Scout Tower |
| 17:22 | Scout Tower |
| 17:23 | Scout Tower |
| 17:24 | Scout Tower |
| 17:24 | Scout Tower |
| 17:24 | Scout Tower |
| 17:24 | Scout Tower |
| 17:29 | Scout Tower |
| 17:29 | Scout Tower |
| 17:30 | Arcane Tower |
| 17:34 | Scout Tower |
| 17:34 | Scout Tower |
| 17:34 | Scout Tower |
| 17:35 | Scout Tower |
| 17:35 | Scout Tower |
| 17:35 | Scout Tower |
| 17:36 | Scout Tower |
| 17:36 | Scout Tower |
| 18:28 | Divine Shield |
| 18:35 | Scout Tower |
| 18:35 | Scout Tower |
| 18:36 | Scout Tower |
| 18:47 | Guard Tower |
| 18:53 | Guard Tower |
| 19:00 | Guard Tower |
| 19:01 | Guard Tower |
| 19:10 | Potion of Mana |
| 19:12 | Potion of Mana |
| 19:15 | Guard Tower |
| 19:19 | Potion of Mana |
| 19:20 | Potion of Mana |
| 19:27 | Scout Tower |
| 19:28 | Scout Tower |
| 19:29 | Scout Tower |
| 19:38 | Brilliance Aura |
| 19:47 | Storm Bolt |
| 20:04 | Guard Tower |
| 20:20 | Scout Tower |
| 20:20 | Scout Tower |
| 20:21 | Scout Tower |
| 20:23 | Guard Tower |
| 20:26 | Scout Tower |
| 20:26 | Scout Tower |
| 20:27 | Scout Tower |
| 20:27 | Scout Tower |
| 20:27 | Scout Tower |
| 20:28 | Scout Tower |
| 20:28 | Scout Tower |
| 20:31 | Guard Tower |
| 20:40 | Barracks |
| 20:41 | Blacksmith |
| 20:42 | Cloud |
| 20:52 | Guard Tower |
| 20:54 | Scout Tower |
| 20:55 | Scout Tower |
| 20:55 | Scout Tower |
| 20:55 | Scout Tower |
| 20:56 | Scout Tower |
| 20:56 | Scout Tower |
| 20:56 | Scout Tower |
| 20:58 | Scout Tower |
| 20:58 | Scout Tower |
| 21:03 | Scout Tower |
| 21:03 | Scout Tower |
| 21:06 | Scout Tower |
| 21:06 | Scout Tower |
| 21:07 | Scout Tower |
| 21:07 | Scout Tower |
| 21:07 | Scout Tower |
| 21:07 | Scout Tower |
| 21:08 | Scout Tower |
| 21:08 | Scout Tower |
| 21:08 | Scout Tower |
| 21:08 | Scout Tower |
| 21:08 | Scout Tower |
| 21:08 | Scout Tower |
| 21:09 | Scout Tower |
| 21:09 | Scout Tower |
| 21:09 | Scout Tower |
| 21:09 | Scout Tower |
| 21:09 | Scout Tower |
| 21:09 | Scout Tower |
| 21:09 | Scout Tower |
| 21:16 | Dragonhawk Rider |
| 21:36 | Imbued Masonry |
| 21:40 | Guard Tower |
| 21:51 | Guard Tower |
| 21:59 | Guard Tower |
| 22:04 | Guard Tower |
| 22:10 | Guard Tower |
| 22:18 | Improved Lumber Harvesting |
| 22:28 | Lumber Mill |
| 22:42 | Scout Tower |
| 22:42 | Scout Tower |
| 22:43 | Scout Tower |
| 22:44 | Scout Tower |
| 22:44 | Scout Tower |
| 22:45 | Scout Tower |
| 22:45 | Scout Tower |
| 22:45 | Scout Tower |
| 24:36 | Dragonhawk Rider |
| 25:16 | Dragonhawk Rider |
| 25:16 | Dragonhawk Rider |
| 25:16 | Dragonhawk Rider |
| 25:57 | Guard Tower |
| 26:04 | Guard Tower |
| 26:12 | Farm |
| 26:12 | Farm |
| 26:35 | Staff of Teleportation |
| 27:23 | Dragonhawk Rider |
| 27:32 | Bash |
| 27:45 | Scout Tower |
| 27:46 | Scout Tower |
| 27:46 | Scout Tower |
| 27:46 | Scout Tower |
| 27:46 | Scout Tower |
| 27:46 | Scout Tower |
| 27:47 | Scout Tower |
| 27:47 | Scout Tower |
| 27:47 | Scout Tower |
| 27:47 | Scout Tower |
| 27:47 | Scout Tower |
| 27:47 | Scout Tower |
| 27:47 | Scout Tower |
| 27:47 | Scout Tower |
| 27:48 | Scout Tower |
| 27:48 | Scout Tower |
| 27:48 | Scout Tower |
| 27:48 | Scout Tower |
| 27:48 | Scout Tower |
| 27:48 | Scout Tower |
| 27:48 | Scout Tower |
| Right click | 2766 |
| Select | 776 |
| Select group | 576 |
| Build/train/purchase | 208 |
| Use ability | 103 |
| Misc. action | 31 |
| Assign group | 28 |
| Minimap ping | 19 |
| Resource trade | 19 |
| Chat | 18 |
| Item give/drop | 3 |
| Remove unit | 3 |
| Esc | 1 |

| Lesser Clarity Potion | 1 | 70 |
| Staff of Teleportation | 1 | 150 |
| Orb of Lightning | 1 | 375 |
| Healing Salve | 1 | 100 |
| Ivory Tower | 1 | 40 |
| total: | 5 | 735g |
| Wisp | 48 | 2880 | / | 0 |
| Hippogryph | 4 | 640 | / | 80 |
| Green Dragon | 1 | 745 | / | 200 |
| total: | 53 | 4265g | / | 280w |
| Altar of Elders | 1 | 180 | / | 50 |
| Moon Well | 7 | 1260 | / | 280 |
| Ancient of War | 2 | 300 | / | 120 |
| Hunter's Hall | 1 | 210 | / | 100 |
| Tree of Life | 8 | 2720 | / | 1480 |
| Ancient of Wonders | 1 | 90 | / | 30 |
| Ancient of Wind | 1 | 150 | / | 140 |
| Tree of Ages | 1 | 320 | / | 180 |
| Tree of Eternity | 1 | 330 | / | 200 |
| total: | 21 | 4910g | / | 2200w |
| 0:01 | Wisp |
| 0:04 | Altar of Elders |
| 0:11 | Wisp |
| 0:18 | Moon Well |
| 0:20 | Wisp |
| 0:29 | Wisp |
| 0:45 | Wisp |
| 0:58 | Wisp |
| 1:11 | Moon Well |
| 1:20 | Wisp |
| 1:30 | Wisp |
| 1:47 | Wisp |
| 1:56 | Wisp |
| 2:13 | Shadow Strike |
| 2:18 | Wisp |
| 2:36 | Tree of Ages |
| 3:40 | Ancient of War |
| 3:41 | Ancient of War |
| 4:44 | Moon Well |
| 4:49 | Moon Well |
| 4:58 | Tree of Eternity |
| 5:19 | Hunter's Hall |
| 6:08 | Blink |
| 6:24 | Tree of Life |
| 7:34 | Well Spring |
| 7:55 | Ancient of Wonders |
| 8:08 | Orb of Lightning |
| 8:12 | Healing Salve |
| 8:12 | Lesser Clarity Potion |
| 8:56 | Wisp |
| 9:13 | Ultravision |
| 10:00 | Tree of Life |
| 10:00 | Tree of Life |
| 10:04 | Wisp |
| 10:04 | Wisp |
| 10:04 | Wisp |
| 10:24 | Ancient of Wind |
| 11:00 | Tree of Life |
| 11:01 | Wisp |
| 11:02 | Wisp |
| 11:02 | Wisp |
| 11:02 | Wisp |
| 12:16 | Wisp |
| 12:16 | Wisp |
| 12:16 | Wisp |
| 12:40 | Tree of Life |
| 12:50 | Wisp |
| 12:51 | Wisp |
| 12:51 | Wisp |
| 12:51 | Wisp |
| 12:55 | Hippogryph |
| 13:17 | Wisp |
| 13:17 | Wisp |
| 13:17 | Wisp |
| 13:17 | Wisp |
| 13:18 | Wisp |
| 13:29 | Wisp |
| 13:37 | Wisp |
| 14:04 | Shadow Strike |
| 14:49 | Moon Well |
| 14:50 | Moon Well |
| 14:53 | Moon Well |
| 15:16 | Tree of Life |
| 15:18 | Wisp |
| 15:19 | Wisp |
| 15:19 | Wisp |
| 15:19 | Wisp |
| 15:19 | Wisp |
| 15:21 | Wisp |
| 15:21 | Wisp |
| 15:21 | Wisp |
| 15:21 | Wisp |
| 15:23 | Hippogryph |
| 16:15 | Wisp |
| 17:13 | Tree of Life |
| 17:21 | Hippogryph |
| 17:21 | Hippogryph |
| 17:26 | Strength of the Wild |
| 17:26 | Reinforced Hides |
| 18:01 | Wisp |
| 18:31 | Wisp |
| 19:00 | Wisp |
| 19:00 | Wisp |
| 19:00 | Wisp |
| 19:35 | Ivory Tower |
| 20:00 | Staff of Teleportation |
| 22:13 | Tree of Life |
| 23:37 | Blink |
| 27:08 | Shadow Strike |
| 27:45 | Green Dragon |
| Right click | 2213 |
| Assign group | 483 |
| Select | 358 |
| Select group | 295 |
| Resource trade | 173 |
| Build/train/purchase | 127 |
| Use ability | 72 |
| Minimap ping | 9 |
| Misc. action | 4 |
| Item give/drop | 1 |
| Remove unit | 1 |
122 units @ 18.8k
/ 3.3k
98 buildings @ 10.5k
/ 4.9k


| Peasant | 20 | 1500 | / | 0 |
| Rifleman | 8 | 1640 | / | 240 |
| Mortar Team | 9 | 1620 | / | 630 |
| Siege Engine | 8 | 1560 | / | 480 |
| total: | 45 | 6320g | / | 1350w |
| Scout Tower | 3 | 90 | / | 60 |
| Arcane Tower | 2 | 140 | / | 100 |
| Guard Tower | 1 | 70 | / | 50 |
| Altar of Kings | 1 | 180 | / | 50 |
| Farm | 12 | 960 | / | 240 |
| Barracks | 3 | 480 | / | 180 |
| Blacksmith | 1 | 140 | / | 60 |
| Lumber Mill | 1 | 120 | / | 0 |
| Arcane Vault | 3 | 390 | / | 90 |
| Town Hall | 2 | 770 | / | 410 |
| Workshop | 2 | 280 | / | 280 |
| Keep | 1 | 320 | / | 210 |
| Castle | 1 | 360 | / | 210 |
| total: | 28 | 3410g | / | 1370w |
| 0:03 | Peasant |
| 0:03 | Peasant |
| 0:09 | Altar of Kings |
| 0:20 | Farm |
| 0:25 | Barracks |
| 0:28 | Peasant |
| 0:36 | Peasant |
| 1:15 | Blacksmith |
| 1:18 | Peasant |
| 1:18 | Peasant |
| 1:38 | Farm |
| 1:45 | Scout Tower |
| 1:53 | Peasant |
| 1:55 | Peasant |
| 2:09 | Scout Tower |
| 2:20 | Rifleman |
| 2:25 | Peasant |
| 2:34 | Farm |
| 2:40 | Storm Bolt |
| 2:48 | Arcane Tower |
| 3:37 | Rifleman |
| 3:38 | Arcane Tower |
| 3:41 | Farm |
| 3:44 | Peasant |
| 3:44 | Peasant |
| 3:54 | Barracks |
| 3:59 | Lumber Mill |
| 4:08 | Barracks |
| 4:11 | Rifleman |
| 4:32 | Farm |
| 4:37 | Rifleman |
| 5:03 | Rifleman |
| 5:18 | Rifleman |
| 5:22 | Farm |
| 5:25 | Scout Tower |
| 5:34 | Bash |
| 5:55 | Keep |
| 6:21 | Rifleman |
| 6:25 | Farm |
| 7:30 | Rifleman |
| 7:45 | Arcane Vault |
| 7:50 | Arcane Vault |
| 7:59 | Arcane Vault |
| 8:09 | Storm Bolt |
| 8:40 | Workshop |
| 8:42 | Workshop |
| 9:00 | Guard Tower |
| 9:45 | Thunder Clap |
| 10:06 | Mortar Team |
| 10:06 | Mortar Team |
| 10:19 | Long Rifles |
| 10:23 | Farm |
| 10:24 | Farm |
| 10:27 | Farm |
| 11:09 | Flare |
| 11:29 | Mortar Team |
| 12:05 | Black Arrow |
| 12:15 | Mortar Team |
| 12:24 | Farm |
| 12:25 | Farm |
| 15:05 | Mortar Team |
| 15:06 | Mortar Team |
| 15:06 | Mortar Team |
| 15:06 | Mortar Team |
| 16:31 | Castle |
| 17:47 | Mortar Team |
| 19:08 | Siege Engine |
| 19:10 | Siege Engine |
| 19:59 | Town Hall |
| 20:08 | Siege Engine |
| 21:13 | Siege Engine |
| 23:02 | Peasant |
| 23:03 | Peasant |
| 23:03 | Peasant |
| 23:03 | Peasant |
| 23:29 | Town Hall |
| 24:03 | Barrage |
| 24:03 | Siege Engine |
| 25:32 | Siege Engine |
| 25:32 | Siege Engine |
| 25:33 | Siege Engine |
| 26:09 | Storm Bolt |
| 26:35 | Peasant |
| 26:35 | Peasant |
| 26:36 | Peasant |
| 26:36 | Peasant |
| 26:36 | Peasant |
| Right click | 893 |
| Select | 325 |
| Build/train/purchase | 101 |
| Use ability | 34 |
| Chat | 33 |
| Minimap ping | 22 |
| Esc | 6 |
| Resource trade | 6 |
| Misc. action | 1 |


| Rod of Necromancy | 2 | 300 |
| Potion of Healing | 1 | 150 |
| Potion of Mana | 1 | 200 |
| Orb of Corruption | 1 | 375 |
| Dust of Appearance | 1 | 75 |
| Scroll of Town Portal | 1 | 350 |
| Scroll of Healing | 4 | 1000 |
| total: | 11 | 2450g |
| Acolyte | 9 | 675 | / | 0 |
| Ghoul | 3 | 360 | / | 0 |
| Crypt Fiend | 7 | 1505 | / | 280 |
| Obsidian Statue | 3 | 600 | / | 105 |
| Abomination | 3 | 720 | / | 210 |
| Frost Wyrm | 4 | 1540 | / | 480 |
| Meat Wagon | 1 | 230 | / | 50 |
| total: | 30 | 5630g | / | 1125w |
| Graveyard | 1 | 215 | / | 0 |
| Crypt | 1 | 200 | / | 50 |
| Altar of Darkness | 1 | 180 | / | 50 |
| Ziggurat | 7 | 1050 | / | 350 |
| Tomb of Relics | 1 | 130 | / | 30 |
| Slaughterhouse | 2 | 280 | / | 270 |
| Sacrificial Pit | 1 | 75 | / | 150 |
| Boneyard | 1 | 175 | / | 200 |
| Halls of the Dead | 1 | 320 | / | 210 |
| Black Citadel | 1 | 325 | / | 230 |
| total: | 15 | 2305g | / | 1100w |
| 0:11 | Graveyard |
| 0:12 | Crypt |
| 0:13 | Acolyte |
| 0:20 | Altar of Darkness |
| 0:41 | Ziggurat |
| 0:51 | Acolyte |
| 1:12 | Tomb of Relics |
| 1:21 | Ghoul |
| 1:41 | Crypt Fiend |
| 1:59 | Ziggurat |
| 2:19 | Crypt Fiend |
| 2:29 | Death Coil |
| 2:34 | Rod of Necromancy |
| 3:38 | Crypt Fiend |
| 3:55 | Dust of Appearance |
| 3:55 | Rod of Necromancy |
| 4:11 | Ghoul |
| 4:39 | Unholy Aura |
| 4:43 | Crypt Fiend |
| 4:44 | Halls of the Dead |
| 5:37 | Ziggurat |
| 6:31 | Crypt Fiend |
| 7:16 | Crypt Fiend |
| 7:20 | Slaughterhouse |
| 7:27 | Scroll of Town Portal |
| 7:38 | Sacrificial Pit |
| 7:45 | Potion of Healing |
| 7:58 | Ziggurat |
| 8:14 | Frost Nova |
| 8:16 | Potion of Mana |
| 8:22 | Death Coil |
| 8:38 | Acolyte |
| 8:59 | Obsidian Statue |
| 8:59 | Obsidian Statue |
| 9:35 | Black Citadel |
| 10:05 | Ziggurat |
| 10:51 | Scroll of Healing |
| 10:51 | Scroll of Healing |
| 11:05 | Burrow |
| 12:15 | Abomination |
| 12:18 | Boneyard |
| 12:20 | Ghoul |
| 12:32 | Slaughterhouse |
| 12:49 | Orb of Corruption |
| 12:58 | Abomination |
| 13:01 | Unholy Armor |
| 14:24 | Acolyte |
| 15:12 | Freezing Breath |
| 15:15 | Crypt Fiend |
| 15:16 | Abomination |
| 15:52 | Ziggurat |
| 16:36 | Improved Unholy Armor |
| 17:05 | Frost Wyrm |
| 17:17 | Acolyte |
| 19:56 | Frost Wyrm |
| 20:03 | Acolyte |
| 20:04 | Acolyte |
| 20:04 | Acolyte |
| 20:14 | Ziggurat |
| 21:10 | Obsidian Statue |
| 21:14 | Meat Wagon |
| 22:41 | Acolyte |
| 23:23 | Frost Armor |
| 23:41 | Web |
| 24:16 | Frost Wyrm |
| 24:16 | Frost Wyrm |
| 24:21 | Unholy Aura |
| 26:32 | Scroll of Healing |
| 26:32 | Scroll of Healing |
| Select group | 1385 |
| Right click | 978 |
| Select | 766 |
| Misc. action | 452 |
| Build/train/purchase | 95 |
| Assign group | 39 |
| Use ability | 33 |
| Resource trade | 10 |
| Minimap ping | 9 |
| Esc | 4 |
| Item give/drop | 3 |


x1)
| Lesser Clarity Potion | 1 | 70 |
| Potion of Healing | 1 | 150 |
| Dust of Appearance | 1 | 75 |
| Scroll of Healing | 1 | 250 |
| Potion of Lesser Invulnerability | 1 | 150 |
| Tome of Retraining | 1 | 300 |
| total: | 6 | 995g |
| Peasant | 20 | 1500 | / | 0 |
| Footman | 6 | 810 | / | 0 |
| Spell Breaker | 6 | 1290 | / | 180 |
| Knight | 5 | 1225 | / | 300 |
| Dragonhawk Rider | 10 | 2000 | / | 300 |
| total: | 47 | 6825g | / | 780w |
| Scout Tower | 28 | 840 | / | 560 |
| Arcane Tower | 4 | 280 | / | 200 |
| Guard Tower | 14 | 980 | / | 700 |
| Lumber Mill | 1 | 120 | / | 0 |
| Altar of Kings | 1 | 180 | / | 50 |
| Farm | 11 | 880 | / | 220 |
| Barracks | 1 | 160 | / | 60 |
| Arcane Vault | 1 | 130 | / | 30 |
| Town Hall | 3 | 1155 | / | 615 |
| Blacksmith | 1 | 140 | / | 60 |
| Arcane Sanctum | 2 | 300 | / | 280 |
| Gryphon Aviary | 3 | 420 | / | 450 |
| Keep | 1 | 320 | / | 210 |
| Castle | 1 | 360 | / | 210 |
| Ziggurat | 3 | 450 | / | 150 |
| total: | 55 | 4775g | / | 2475w |
| 0:03 | Peasant |
| 0:03 | Peasant |
| 0:23 | Lumber Mill |
| 0:26 | Peasant |
| 0:34 | Peasant |
| 0:50 | Altar of Kings |
| 0:52 | Peasant |
| 1:05 | Farm |
| 1:09 | Peasant |
| 1:20 | Barracks |
| 1:26 | Peasant |
| 1:35 | Farm |
| 1:44 | Peasant |
| 2:05 | Scout Tower |
| 2:14 | Farm |
| 2:15 | Peasant |
| 2:16 | Peasant |
| 2:23 | Footman |
| 2:35 | Arcane Tower |
| 2:37 | Footman |
| 2:45 | Peasant |
| 2:51 | Summon Water Elemental |
| 3:12 | Footman |
| 3:23 | Peasant |
| 3:27 | Footman |
| 3:34 | Scout Tower |
| 3:56 | Peasant |
| 3:56 | Peasant |
| 3:56 | Peasant |
| 3:56 | Peasant |
| 4:00 | Scout Tower |
| 4:01 | Arcane Tower |
| 4:10 | Arcane Vault |
| 4:27 | Guard Tower |
| 4:56 | Keep |
| 5:04 | Brilliance Aura |
| 6:00 | Town Hall |
| 6:02 | Scout Tower |
| 6:04 | Scout Tower |
| 6:05 | Scout Tower |
| 6:10 | Footman |
| 6:15 | Footman |
| 6:32 | Arcane Tower |
| 6:34 | Guard Tower |
| 6:36 | Guard Tower |
| 6:57 | Scout Tower |
| 6:59 | Scout Tower |
| 7:17 | Scout Tower |
| 7:20 | Arcane Sanctum |
| 7:27 | Guard Tower |
| 7:48 | Guard Tower |
| 7:49 | Peasant |
| 7:58 | Scout Tower |
| 7:59 | Improved Masonry |
| 8:02 | Arcane Sanctum |
| 8:17 | Improved Lumber Harvesting |
| 8:23 | Scout Tower |
| 8:25 | Guard Tower |
| 8:34 | Lesser Clarity Potion |
| 8:39 | Farm |
| 8:54 | Guard Tower |
| 8:56 | Scout Tower |
| 8:59 | Advanced Masonry |
| 9:01 | Spell Breaker |
| 9:10 | Spell Breaker |
| 9:15 | Farm |
| 9:22 | Spell Breaker |
| 9:27 | Guard Tower |
| 9:30 | Scout Tower |
| 9:50 | Holy Light |
| 10:00 | Guard Tower |
| 10:15 | Castle |
| 10:17 | Spell Breaker |
| 10:29 | Blacksmith |
| 10:36 | Summon Water Elemental |
| 10:38 | Potion of Lesser Invulnerability |
| 10:38 | Dust of Appearance |
| 10:56 | Advanced Lumber Harvesting |
| 11:31 | Spell Breaker |
| 11:31 | Control Magic |
| 11:32 | Magic Sentry |
| 11:44 | Iron Forged Swords |
| 12:10 | Spell Breaker |
| 12:25 | Iron Plating |
| 12:42 | Animal War Training |
| 12:42 | Sundering Blades |
| 13:04 | Knight |
| 13:05 | Knight |
| 13:15 | Farm |
| 13:18 | Imbued Masonry |
| 13:57 | Knight |
| 14:12 | Farm |
| 14:57 | Knight |
| 14:57 | Knight |
| 15:44 | Scout Tower |
| 15:45 | Scout Tower |
| 15:46 | Scout Tower |
| 16:14 | Scout Tower |
| 16:15 | Guard Tower |
| 16:18 | Scout Tower |
| 16:22 | Town Hall |
| 16:46 | Guard Tower |
| 16:48 | Scout Tower |
| 16:51 | Scout Tower |
| 16:56 | Farm |
| 17:26 | Guard Tower |
| 17:33 | Scroll of Healing |
| 17:33 | Tome of Retraining |
| 17:33 | Retrain Hero |
| 17:35 | Blizzard |
| 17:36 | Blizzard |
| 17:36 | Brilliance Aura |
| 17:46 | Farm |
| 18:39 | Peasant |
| 18:40 | Peasant |
| 19:01 | Peasant |
| 19:07 | Gryphon Aviary |
| 19:10 | Gryphon Aviary |
| 19:11 | Gryphon Aviary |
| 19:41 | Farm |
| 20:21 | Studded Leather Armor |
| 20:25 | Farm |
| 20:31 | Storm Hammers |
| 20:31 | Cloud |
| 20:40 | Dragonhawk Rider |
| 20:40 | Dragonhawk Rider |
| 20:40 | Dragonhawk Rider |
| 20:40 | Dragonhawk Rider |
| 20:41 | Dragonhawk Rider |
| 21:07 | Scout Tower |
| 21:56 | Dragonhawk Rider |
| 22:06 | Steel Forged Swords |
| 22:30 | Dragonhawk Rider |
| 23:35 | Dragonhawk Rider |
| 24:07 | Dragonhawk Rider |
| 24:11 | Divine Shield |
| 25:19 | Brilliance Aura |
| 27:17 | Potion of Healing |
| 27:31 | Scout Tower |
| 27:32 | Scout Tower |
| 27:44 | Scout Tower |
| 27:45 | Scout Tower |
| 27:47 | Scout Tower |
| 27:55 | Ziggurat |
| 27:56 | Ziggurat |
| 27:58 | Ziggurat |
| 28:00 | Guard Tower |
| 28:04 | Scout Tower |
| 28:06 | Scout Tower |
| 28:11 | Dragonhawk Rider |
| 28:14 | Guard Tower |
| 28:16 | Arcane Tower |
| 28:20 | Town Hall |
| Select group | 1454 |
| Right click | 815 |
| Select | 379 |
| Misc. action | 203 |
| Build/train/purchase | 128 |
| Use ability | 82 |
| Assign group | 47 |
| Resource trade | 20 |
| Minimap ping | 11 |
| Remove unit | 3 |
| Esc | 3 |